 Dungeon Crawl Stone Soup version 0.26-a0-639-g72c4674329 (webtiles) character file.

Game seed: 5996683533260663969

42665 DogServant the Cleaver (level 13, -1/184 HPs)
             Began as a Minotaur Fighter on Sept 14, 2020.
             Was an Elder of Okawaru.
             Slain by a storm dragon simulacrum (10 damage)
             ... led by a necromancer
             ... on level 2 of the Abyss on Sept 15, 2020.
             The game lasted 01:36:32 (23458 turns).

DogServant the Cleaver (Minotaur Fighter)          Turns: 23458, Time: 01:36:33

Health: -1/184     AC: 26    Str: 31    XL:     13   Next: 86%
Magic:  18/19      EV:  2    Int:  5    God:    Okawaru [****..]
Gold:   76         SH: 20    Dex: 14    Spells: 17/22 levels left

rFire    . . .     SeeInvis .   q - +7 long sword "Jaiwn" {vorpal, Dex+3}
rCold    . . .     Faith    .   c - +1 kite shield
rNeg     + + +     Spirit   .   (armour currently unavailable)
rPois    +         Reflect  +   (helmet currently unavailable)
rElec    .         Harm     .   (cloak currently unavailable)
rCorr    .         Rampage  .   (gloves currently unavailable)
MR       +....     NoTele   +   (boots currently unavailable)
Stlth    +++.......             O - amulet of reflection
HPRegen  0.40/turn              P - +6 ring of strength
MPRegen  0.16/turn              N - ring of protection from magic

@: mighty, tree-form, heroism
A: (retaliatory headbutt)
a: Heroism, Renounce Religion


You were on level 2 of the Abyss.
You worshipped Okawaru.
Okawaru was greatly pleased with you.
You were a tree.
You visited 3 branches of the dungeon, and saw 18 of its levels.
You visited the Abyss 2 times.
You also visited: Bailey and Gauntlet.

You collected 1830 gold pieces.
You spent 1754 gold pieces at shops.

Inventory:

Hand Weapons
 a - a +1 war axe
 m - a +0 arbalest
 n - a +2 battleaxe of flaming
 q - the +7 long sword "Jaiwn" (weapon) {vorpal, Dex+3}
   (You bought it in a shop on level 5 of the Dungeon)

   It inflicts extra damage upon your enemies.
   It affects your dexterity (+3).
Missiles
 k - 37 poisoned darts
 t - 2 curare-tipped darts (quivered)
 A - 120 bolts
Armour
 c - a +1 kite shield (worn)
 g - a scarf of shadows (melded)
 i - a +4 scale mail
 y - a cursed +0 pair of gloves (melded)
 E - a +0 pair of boots (melded)
 G - a +3 troll leather armour
 K - a +0 scale mail of cold resistance
Jewellery
 j - an uncursed ring of protection from magic
 u - the amulet "Ugrothramn" {Faith rElec Slay+2, unknown}
   (You found it in a Gauntlet)

   [amulet of faith]

   It allows you to gain divine favour quickly.
   It affects your accuracy and damage with ranged weapons and melee attacks
   (+2).
   It insulates you from electricity.
 C - a +4 ring of protection
 D - the ring of Moodiness {*Drain rN+ Int+2 Dex+2 SInv Stlth+, unknown}
   (You found it in a Gauntlet)

   [ring of stealth]

   It affects your intelligence (+2).
   It affects your dexterity (+2).
   It protects you from negative energy.
   It lets you see invisible.
   It causes draining when unequipped.
   It makes you more stealthy.
 F - an uncursed ring of poison resistance
 H - a +4 ring of protection
 N - a ring of protection from magic (right branch)
 O - an amulet of reflection (around neck)
 P - a +6 ring of strength (left branch)
Wands
 f - a wand of iceblast (8)
 o - a wand of flame (15)
 I - a wand of disintegration (14)
Scrolls
 d - 2 scrolls of identify
 h - 6 scrolls of teleportation
 l - 6 scrolls of amnesia
 B - 10 scrolls of remove curse
 J - a scroll of random uselessness
 M - 2 scrolls of enchant weapon
Potions
 b - 2 potions of berserk rage {unknown}
 e - 3 potions of stabbing
 p - 2 potions of magic
 r - a potion of brilliance
 s - 4 potions of resistance
 w - 2 potions of degeneration
 x - a potion of mutation
 z - 3 potions of lignification


   Skills:
 + Level 13.7(18.7) Fighting
 + Level 2.3(7.3) Long Blades
 - Level 14.4(19.4) Axes
 - Level 10.4(15.4) Armour
 * Level 8.6(13.6) Dodging
 - Level 7.0(12.0) Shields
 + Level 5.0 Spellcasting
 + Level 5.5 Ice Magic
 - Level 7.0 Invocations


You had 17 spell levels left.
You knew the following spells:

 Your Spells              Type           Power        Failure   Level
a - Freeze                Ice            #...         4%          1
b - Foxfire               Conj/Fire      #...         43%         1
c - Frozen Ramparts       Ice            #.....       14%         3

Your spell library contained the following spells:

 Spells                   Type           Power        Failure   Level
 Ozocubu's Armour         Ice            #.......     14%         3
 Ensorcelled Hibernation  Hex/Ice        #.....       22%         2
 Animate Skeleton         Necr           #.....       43%         1
 Apportation              Tloc           #.....       43%         1
 Corona                   Hex            #......      43%         1
 Magic Dart               Conj           #...         43%         1
 Pain                     Necr           #...         43%         1
 Blink                    Tloc           N/A          56%         2
 Call Imp                 Summ           #.......     56%         2
 Slow                     Hex            #.......     56%         2
 Confusing Touch          Hex            #.......     80%         3
 Conjure Flame            Conj/Fire      #.......     80%         3
 Dazzling Flash           Conj/Hex       #.....       80%         3
 Inner Flame              Hex/Fire       #.......     80%         3
 Lesser Beckoning         Tloc           #.........   80%         3
 Mephitic Cloud           Conj/Pois/Air  #.......     80%         3
 Tukima's Dance           Hex            #.......     80%         3
 Vampiric Draining        Necr           #.........   80%         3
 Hailstorm                Conj/Ice       #.......     83%         4
 Summon Ice Beast         Ice/Summ       #.......     83%         4
 Animate Dead             Necr           #.........   99%         4
 Sticky Flame             Conj/Fire      #.......     99%         4
 Agony                    Necr           #.......     100%        5
 Alistair's Intoxication  Tmut/Pois      #........    100%        5
 Fireball                 Conj/Fire      #.........   100%        5
 Invisibility             Hex            #.......     100%        6


Dungeon Overview and Level Annotations

Branches:
Dungeon (15/15)            Temple (1/1) D:4            Lair (2/6) D:11
    Orc (0/2) D:10         Vaults (0/5) D:13         Bailey (visited)
Gauntlet (visited)
  Swamp: Lair:2-4    Shoals: Lair:2-4     Snake: Lair:2-4    Spider: Lair:2-4
 Depths: D:15

Altars:
Ashenzari
Cheibriados
Dithmenos
Elyvilon
Fedhas
Gozag
Hepliaklqana
Kikubaaqudgha
Makhleb
Nemelex Xobeh
Okawaru
Qazlal
Ru
Sif Muna
Trog
Vehumet
Wu Jian
Xom
Yredelemnul
Zin
The Shining One
Beogh

Shops:
D:5 ((}!*   D:10 =   D:14 [

Annotations:
D:12 3 runed translucent doors, Hischu's ghost, journeyman MiFi
D:14 1 runed translucent door
Lair:1 2 transporters, Xosut's ghost, journeyman GnAK
Lair:2 Sonja


Innate Abilities, Weirdness & Mutations

((You reflexively headbutt those who attack you in melee.))
((You have a pair of horns on your head.))


Message History

You riposte.
You slash the stone giant zombie!
The stone giant zombie is severely damaged.
Okay, then.
Okay, then.
Really quaff the potion of lignification?
You turn into a tree.
Your scarf of shadows melds into your body.
Your cursed +0 pair of gloves melds into your body.
Your +0 pair of boots melds into your body.
The dungeon's light returns to normal.
Your roots penetrate the ground.
The storm dragon simulacrum bites you but does no damage.
The storm dragon simulacrum claws you but does no damage.
The storm dragon simulacrum tramples you but does no damage.
You block the torturous demonspawn simulacrum's attack.
You block the stone giant zombie's attack.
Okay, then.
Unknown command.
You feel very mighty all of a sudden. The storm dragon simulacrum bites you!
You die...

# .# #. .. #.#
.._.. .. #..
#.##...###..
...##......#....
.................
...[...........
................
...............
........♣Z......
.......ZZ.Z......
.#..............
..##.##..##.....
.#### #.........
. .# ..........
#.... . .#..#.


You could see a storm dragon simulacrum, a torturous demonspawn simulacrum, a
stone giant zombie and an iron dragon skeleton.

Vanquished Creatures
  3 tentacled starspawn (Abyss:2)
  A minotaur (Gauntlet)
  5 centaur warriors
  3 two-headed ogres
  2 thrashing horrors (Gauntlet)
  A tengu warrior (D:13)
  2 unseen horrors
  A glowing orange brain (shapeshifter) (D:13)
  A wizard (D:14)
  4 orc knights (Bailey)
  A necromancer (Abyss:2)
  2 deep elf magi
  7 slime creatures
  An ugly thing (D:11)
  2 manticores
  A centaur zombie (D:14)
  A black mamba (Lair:1)
  A gargoyle (D:11)
  4 cane toads
  A centaur skeleton (D:13)
  A rime drake (Lair:2)
  A kobold demonologist (D:14)
  A komodo dragon (D:11)
  A hellwing (Abyss:2)
  2 ancient zymes (Abyss:2)
  2 trolls
  A tyrant leech (Gauntlet)
  3 hippogriffs
  6 wraiths
  A ynoxinul (Abyss:2)
  3 large abominations (Abyss:2)
  A wyvern (shapeshifter) (Abyss:2)
  4 wyverns
  A basilisk (Lair:1)
  21 yaks
  7 vampire mosquitoes
  2 swamp worms (Gauntlet)
  3 small abominations
  A soldier ant (D:11)
  4 porcupines
  2 water moccasins (Lair:1)
  22 orc warriors
  A sky beast (shapeshifter) (D:13)
  3 ice beasts
  A black bear (shapeshifter) (D:13)
  3 sky beasts
  A necrophage (D:8)
  A swamp drake (D:11)
  An eye of draining (D:13)
  A black bear (D:11)
  6 ogres
  A phantom (D:6)
  10 centaurs
  10 crocodiles
  5 big kobolds
  12 bullfrogs
  A wyvern skeleton (D:11)
  3 scorpions
  7 killer bees (D:9)
  8 wights
  4 howler monkeys
  An electric eel (D:10)
  A bullfrog zombie (D:12)
  9 starcursed masses (Abyss:2)
  2 bullfrog skeletons
  A gnoll shaman (D:6)
  5 hounds
  3 jellies
  An iguana (D:7)
  6 orc priests
  An iron imp (Abyss:2)
  7 worker ants
  14 orc wizards
  9 gnolls
  10 adders
  A shadow imp (D:5)
  A white imp (D:6)
  4 ufetubi
  2 oozes
  4 worms (D:3)
  2 dart slugs
  6 leopard geckos
  64 orcs
  2 ball pythons
  4 giant cockroaches
  10 goblins
  7 hobgoblins
  10 jackals
  3 quokkas
  9 bats
  8 frilled lizards
  29 kobolds
  A quokka skeleton (D:4)
  7 rats
  4 starspawn tentacles (Abyss:2)
461 creatures vanquished.

Vanquished Creatures (others)
  An orc wizard (D:6)
  An orc (D:11)
  8 fungi
  A lurking horror (Abyss:2)
  8 plants
  4 starspawn tentacles (Abyss:2)
23 creatures vanquished.

Grand Total: 484 creatures vanquished

Notes
Turn   | Place    | Note
-------+----------+-------------------------------------------
     0 | D:1      | DogServant the Minotaur Fighter began the quest for the
                  | Orb.
     0 | D:1      | Reached XP level 1. HP: 19/19 MP: 0/0
    61 | D:1      | Reached XP level 2. HP: 26/27 MP: 1/1
   151 | D:1      | Reached XP level 3. HP: 24/33 MP: 2/2
   425 | D:1      | Reached skill level 3 in Axes
   817 | D:2      | Reached XP level 4. HP: 35/40 MP: 3/3
   980 | D:2      | Found a blossoming altar of Fedhas.
  1561 | D:3      | HP: 2/41 [poisoned by kobold (curare-tipped dart)]
  1569 | D:3      | HP: 1/41 [poisoned by kobold (curare-tipped dart)]
  1900 | D:3      | Reached skill level 4 in Axes
  1962 | D:3      | Reached XP level 5. HP: 40/47 MP: 4/4
  2027 | D:3      | Found a sacrificial altar of Ru.
  2455 | D:4      | Reached skill level 5 in Shields
  2648 | D:4      | Found a staircase to the Ecumenical Temple.
  2737 | D:4      | Found a glowing golden altar of the Shining One.
  3001 | D:5      | Entered Level 5 of the Dungeon
  3001 | D:5      | Noticed a centaur
  3009 | D:5      | Killed a centaur
  3009 | D:5      | Reached skill level 5 in Fighting
  3009 | D:5      | Reached skill level 5 in Axes
  3009 | D:5      | Reached skill level 5 in Armour
  3009 | D:5      | Reached XP level 6. HP: 48/56 MP: 5/5
  3286 | D:5      | Found Cuuckix's Distillery.
  3439 | D:5      | Found Mecraor's Antique Weapon Shop.
  3456 | D:5      | Found Aworr's Antique Weapon Shop.
  3579 | D:5      | Found a hazy altar of Hepliaklqana.
  3585 | D:5      | Reached XP level 7. HP: 61/61 MP: 6/6
  3607 | D:5      | Found an ornate altar of the Wu Jian Council.
  3680 | D:5      | Found Xaeduup's Gadget Shop.
  3754 | Temple   | Entered the Ecumenical Temple
  3951 | D:5      | Found Gyfofom's Assorted Antiques.
  4059 | D:6      | Reached skill level 6 in Axes
  4464 | D:6      | Found a shadowy altar of Dithmenos.
  4526 | D:6      | Found a radiant altar of Vehumet.
  4590 | D:6      | Reached skill level 7 in Axes
  4646 | D:6      | Reached XP level 8. HP: 70/71 MP: 7/7
  4703 | D:6      | Found a snail-covered altar of Cheibriados.
  4987 | D:6      | Reached skill level 8 in Axes
  5123 | D:6      | Found an iron altar of Okawaru.
  5211 | D:6      | Became a worshipper of Warmaster Okawaru
  5530 | D:7      | Found a sparkling altar of Nemelex Xobeh.
  5556 | D:7      | Found a burning altar of Makhleb.
  5631 | D:7      | Found a shimmering altar of Xom.
  5810 | D:7      | Reached skill level 9 in Axes
  5822 | D:7      | Found a flagged portal.
  5832 | Bailey   | Entered a bailey
  5832 | Bailey   | Noticed an orc knight
  5834 | Bailey   | Noticed an orc knight
  5836 | Bailey   | Noticed an orc knight
  6047 | Bailey   | Reached XP level 9. HP: 77/80 MP: 8/8
  6070 | Bailey   | Killed an orc knight
  6070 | Bailey   | Reached * piety under Okawaru
  6070 | Bailey   | Reached skill level 10 in Axes
  6254 | Bailey   | Killed an orc knight
  6495 | Bailey   | Killed an orc knight
  6495 | Bailey   | Reached skill level 11 in Axes
  6836 | Bailey   | Noticed an orc knight
  6851 | Bailey   | Killed an orc knight
  6851 | Bailey   | Reached ** piety under Okawaru
  6851 | Bailey   | Reached XP level 10. HP: 37/91 MP: 3/9
  7310 | Bailey   | Upgraded the game from 0.26-a0-638-gcca6ad1b57 to
                  | 0.26-a0-639-g72c4674329
  7745 | D:8      | Reached skill level 12 in Axes
  8392 | D:9      | Reached skill level 1 in Invocations
  8420 | D:9      | Reached *** piety under Okawaru
  8692 | D:9      | Found a shattered altar of Ashenzari.
  9130 | D:9      | Reached skill level 10 in Fighting
  9214 | D:9      | Found a snail-covered altar of Cheibriados.
  9302 | D:10     | Entered Level 10 of the Dungeon
  9303 | D:10     | Found a staircase to the Orcish Mines.
  9768 | D:10     | Killed an unseen horror
  9768 | D:10     | Reached skill level 13 in Axes
 10073 | D:10     | Learned a level 1 spell: Freeze
 10075 | D:10     | Learned a level 1 spell: Foxfire
 10149 | D:10     | Reached **** piety under Okawaru
 10257 | D:10     | Found Geag's Jewellery Shop.
 10265 | D:10     | Bought an uncursed ring of protection from magic for 275
                  | gold pieces
 10265 | D:10     | Bought an uncursed amulet of reflection for 330 gold pieces
 10265 | D:10     | Bought a +6 ring of strength for 643 gold pieces
 10305 | D:10     | Noticed a two-headed ogre
 10329 | D:10     | Killed a two-headed ogre
 10329 | D:10     | Reached XP level 11. HP: 101/101 MP: 9/12
 10430 | D:10     | Found a shimmering blue altar of Sif Muna.
 11106 | D:11     | Reached ***** piety under Okawaru
 11378 | D:11     | Found a staircase to the Lair.
 11602 | D:11     | Reached skill level 10 in Armour
 11669 | D:11     | Reached skill level 14 in Axes
 11984 | D:11     | Noticed a cyan ugly thing
 11994 | D:11     | Killed a cyan ugly thing
 12181 | D:11     | Noticed a deep elf mage
 12213 | D:11     | Killed a deep elf mage
 12213 | D:11     | Reached skill level 5 in Invocations
 12493 | D:11     | Learned a level 3 spell: Frozen Ramparts
 12607 | D:12     | Noticed a two-headed ogre
 12614 | D:11     | Killed a two-headed ogre
 12614 | D:11     | Received a gift from Okawaru
 12614 | D:11     | Reached skill level 1 in Dodging
 13155 | D:12     | Found a runed translucent gate.
 13155 | D:12     | Found a runed translucent gate.
 13156 | D:12     | Found a runed translucent gate.
 13156 | D:12     | Noticed a centaur warrior
 13156 | D:12     | Noticed Hischu's ghost (journeyman MiFi)
 13157 | D:12     | Noticed a deep elf mage
 13157 | D:12     | Noticed a deep troll earth mage
 13173 | D:12     | Noticed a five-headed hydra
 13210 | D:11     | Reached skill level 1 in Ice Magic
 13250 | D:12     | Reached skill level 1 in Spellcasting
 13305 | D:12     | Found a roughly hewn altar of Beogh.
 13345 | D:12     | Reached XP level 12. HP: 62/110 MP: 13/15
 14322 | D:13     | Noticed a centaur warrior
 14417 | D:13     | Noticed a centaur warrior
 14426 | D:13     | Killed a centaur warrior
 14896 | D:13     | Found a gate to the Vaults.
 14957 | D:13     | Noticed a two-headed ogre
 14970 | D:13     | Killed a two-headed ogre
 14970 | D:13     | Received a gift from Okawaru
 15095 | D:13     | Killed a centaur warrior
 15666 | D:13     | Noticed a death knight
 15803 | D:14     | Noticed a centaur warrior
 15811 | D:14     | Killed a centaur warrior
 15884 | D:14     | Noticed a centaur warrior
 15893 | D:14     | Killed a centaur warrior
 16032 | D:14     | Reached skill level 5 in Dodging
 16594 | D:14     | Cast into level 2 of the Abyss (a wizard)
 16707 | Abyss:2  | Noticed a tentacled starspawn
 16717 | Abyss:2  | Killed a tentacled starspawn
 16727 | Abyss:2  | Noticed a starcursed mass
 16744 | Abyss:2  | Killed a starcursed mass
 16748 | Abyss:2  | Killed a starcursed mass
 16785 | Abyss:2  | Reached XP level 13. HP: 102/119 MP: 17/17
 16824 | Abyss:2  | Noticed a shadow dragon
 16825 | Abyss:2  | Noticed a starcursed mass
 17015 | Abyss:2  | Noticed a tentacled starspawn
 17032 | Abyss:2  | Killed a tentacled starspawn
 17056 | Abyss:2  | Noticed a starcursed mass
 17060 | Abyss:2  | Paralysed by accursed screaming for 1 turns
 17088 | Abyss:2  | Received a gift from Okawaru
 17097 | Abyss:2  | Noticed a bone dragon
 17351 | Abyss:2  | HP: 4/122 [large abomination (33)]
 17354 | Abyss:2  | HP: 1/122 [large abomination (3)]
 17471 | Abyss:2  | Found a corrupted altar of Lugonu.
 17533 | Abyss:2  | Noticed a tentacled starspawn
 17540 | Abyss:2  | Killed a tentacled starspawn
 17547 | D:14     | Escaped the Abyss
 17985 | D:14     | Found Apank's Antique Armour Boutique.
 17993 | D:14     | Bought a faintly glowing scale mail for 189 gold pieces
 18003 | D:14     | Identified the cursed +0 scale mail of the Iron City of Dis
                  | {rPois Regen+ Stlth+} (You bought it in a shop on level 14
                  | of the Dungeon)
 18285 | D:14     | Found a runed translucent door.
 18289 | D:14     | Noticed a fire dragon
 18317 | D:15     | Entered Level 15 of the Dungeon
 18747 | D:13     | HP: 3/122 [death knight/+1 great mace (9)]
 19620 | D:13     | Reached skill level 5 in Ice Magic
 20308 | Lair:1   | Entered Level 1 of the Lair of Beasts
 20520 | Lair:1   | Found a transporter.
 20523 | Lair:1   | Noticed Xosut's ghost (journeyman GnAK)
 20628 | Lair:1   | Found a transporter.
 21219 | D:5      | Bought a potion of heal wounds for 105 gold pieces
 21268 | D:5      | Bought a crystal long sword for 212 gold pieces
 21268 | D:5      | Identified the +7 long sword "Jaiwn" {vorpal, Dex+3} (You
                  | bought it in a shop on level 5 of the Dungeon)
 22244 | Lair:2   | Reached skill level 1 in Long Blades
 22249 | Lair:2   | Found a gate leading to a gauntlet.
 22257 | Gauntlet | Entered a Gauntlet
 22257 | Gauntlet | Found a transporter.
 22261 | Gauntlet | Found a transporter.
 22263 | Gauntlet | Found a transporter.
 22267 | Gauntlet | Found a transporter.
 22278 | Gauntlet | Found a transporter.
 22284 | Gauntlet | Found a transporter.
 22297 | Gauntlet | Found a transporter.
 22318 | Gauntlet | Found a transporter.
 22325 | Gauntlet | Found a runed translucent door.
 22337 | Gauntlet | Found a transporter.
 22339 | Gauntlet | Found a runed translucent door.
 22353 | Gauntlet | Found a transporter.
 22364 | Gauntlet | Found a transporter.
 22364 | Gauntlet | Found a transporter.
 22495 | Gauntlet | Got a scorched diamond amulet
 22540 | Gauntlet | Got a vibrating bone ring
 22688 | Gauntlet | Noticed a minotaur
 22711 | Gauntlet | Killed a minotaur
 23324 | Lair:2   | Reached skill level 5 in Spellcasting
 23332 | Lair:2   | Noticed Sonja
 23360 | Lair:2   | Cast into level 2 of the Abyss (Sonja)
 23361 | Abyss:2  | Found a corrupted altar of Lugonu.
 23455 | Abyss:2  | HP: 5/123 [stone giant zombie[a necromancer] (27)]
 23458 | Abyss:2  | Slain by a storm dragon simulacrum

Illustrated notes

Levels and vault maps discovered:
D:1:      psy_arrival_dodecagon, layout_rooms, minmay_tripent
D:2:      minmay_inner_zag, layout_loops_cross, fedhas_altar_3,
          eat_drink_and_be_merry_uskayaw
D:3:      layout_rooms, nicolae_ru_awakened_eye
D:4:      layout_gridville, tso_altar, minmay_temple_entry_waves
D:5:      layout_cave_pools, nicolae_overflow_crystal_walls,
          lemuel_coloured_pillars_altar, serial_shops, shop, nicolae_shop_trees,
          shop, nicolae_shop_behind_doors, shop_statue, minmay_strange_pillars
D:6:      layout_gridville, grunt_dithmenos_smoke_and_mirrors,
          okawaru_gym_becter, nicolae_overflow_hidden_temple, old_standard_altar
D:7:      layout_loops_ring, nemelex_xobeh_ov_fountains_minmay, kennysheep_mini,
          enter_bailey_3, xom_teletrap_fun
D:8:      layout_rooms
D:9:      layout_roguey, cheibrodos_ashenzari_chains, basic_altar
D:10:     kennysheep_orc_sif_temple, layout_irregular_city, david_orc_2,
          serial_shops, shop_fountains, amethyst_killhole,
          kennysheep_big_empty_room
D:11:     layout_roguey, erik_lair_dragon, grunt_decor_fettered, minivault_11
D:12:     layout_roguey [special_room_orc], gammafunk_ghost_split
D:13:     layout_basic, david_vaults_2
D:14:     layout_cave_pods, glass_columns_c, serial_shops, shop_fountains,
          minmay_hidden_floor
D:15:     hangedman_depths_entry_try_elsewhere_first, layout_long_grid,
          serial_shops, shop, uniq_louise
Temple:   zaba_magenta_temple
Lair:1:   layout_regular_city, gammafunk_ghost_berserking_beasts, minivault_23,
          chequers_serial_rivers_micro_c
Lair:2:   layout_chaotic_city, gauntlet_entry_generic, uniq_sonja
Abyss:2:  base: D:11, hangedman_decor_peaks_small, base: Lair:2,
          evilmike_abyss_exit_12

Skill      XL: |  1  2  3  4  5  6  7  8  9 10 11 12 13 |
---------------+----------------------------------------+-----
Shields        | 4 5 6 7 |  7.0
Armour         | 4 5 6 8 9 10 | 10.4
Axes           | 3 4 5 7 9 11 13 14 | 14.4
Fighting       | 4 5 6 7 9 10 11 12 13 | 13.7
Invocations    | 3 5 7 |  7.0
Dodging        | 2 5 8 |  8.6
Ice Magic      | 1 4 5 |  5.5
Spellcasting   | 1 3 5 |  5.0
Long Blades    | 2 |  2.3

Action                   |  1- 3 |  4- 6 |  7- 9 | 10-12 | 13-15 || total
-------------------------+-------+-------+-------+-------+-------++-------
Melee: War axe           |    88 |   129 |   148 |   537 |   251 ||  1153
       Headbutt          |    15 |    22 |    27 |   135 |    80 ||   279
       Halberd           |       |       |    10 |       |       ||    10
       Battleaxe         |       |       |       |    85 |    32 ||   117
       Long sword        |       |       |       |       |     8 ||     8
 Fire: Arbalest          |       |       |    14 |       |       ||    14
Throw: Dart              |       |       |    15 |     4 |     1 ||    20
Invok: Heroism           |       |       |       |    17 |    16 ||    33
       Finesse           |       |       |       |     1 |     3 ||     4
Evoke: Wand              |       |       |    24 |       |       ||    24
  Use: Potion            |       |     1 |     2 |     2 |    15 ||    20
       Scroll            |       |    13 |     6 |    12 |    21 ||    52
Armor: Scale mail        |    37 |    79 |    58 |   218 |     7 ||   399
       Skin              |       |       |       |       |     7 ||     7
Dodge: Dodged            |    24 |    61 |    57 |   208 |    89 ||   439
Block: Kite shield       |    49 |    88 |    71 |   271 |   178 ||   657
       Reflection        |       |       |       |    16 |    16 ||    32
       Other             |       |       |       |    14 |     4 ||    18
       Rpst.: Long sword |       |       |       |       |     1 ||     1

Table legend: (Time is in decaauts)
 A = Elapsed time spent in this place.
 B = Non-inter-level travel time spent in this place.
 C = Inter-level travel time spent in this place.
 D = Time resting spent in this place.
 E = Time spent auto-exploring this place.
 F = Levels seen in this place.
 G = Mean time per level.
                   A        B        C        D        E       F      G
               +--------+--------+--------+--------+--------+-----+--------+
         Total |  23396 |  21943 |   1453 |   7406 |  10333 |  22 | 1063.5 |
       Dungeon |  18327 |  16955 |   1372 |   5661 |   8224 |  15 | 1221.8 |
        Temple |     80 |     69 |     11 |      0 |     57 |   1 |   80.0 |
          Lair |   1589 |   1520 |     69 |      0 |   1293 |   2 |  794.5 |
         Abyss |   1026 |   1026 |      0 |    519 |     35 |   2 |  513.0 |
        Bailey |   1500 |   1500 |      0 |    813 |    402 |   1 | 1500.0 |
      Gauntlet |    871 |    871 |      0 |    412 |    322 |   1 |  871.0 |
               +--------+--------+--------+--------+--------+-----+--------+

Top non-repeatable levels by time:
    D:12: 2368 daAuts
    D:13: 2225 daAuts
    D:11: 2140 daAuts
    D:14: 1796 daAuts
    D:10: 1653 daAuts
  Bailey: 1500 daAuts
  Lair:1: 1363 daAuts
     D:5: 1259 daAuts
     D:6: 1249 daAuts
     D:9: 1032 daAuts
 Abyss:2: 1026 daAuts
     D:2: 967 daAuts
     D:3: 892 daAuts
Gauntlet: 871 daAuts
     D:7: 869 daAuts
